 Dungeon Crawl Stone Soup version 0.29-a0-717-g6dac4ea423 (webtiles) character file.

Game seed: 8122365642812700583

47901 zeratav the Basher (level 14, -5/111 HPs)
             Began as a Formicid Venom Mage on June 25, 2022.
             Was an Elder of Nemelex Xobeh.
             Slain by a slime creature (15 damage)
             ... on level 14 of the Dungeon on June 26, 2022.
             The game lasted 01:29:37 (27457 turns).

zeratav the Basher (Formicid Venom Mage)           Turns: 27457, Time: 01:29:37

Health: -5/111     AC: 19    Str: 23    XL:     14   Next: 84%
Magic:  21/21      EV: 14    Int: 16    God:    Nemelex Xobeh [****..]
Gold:   967        SH: 11    Dex: 14    Spells: 12/17 levels left

rFire   + + .      SeeInvis +   L - +3 dire flail (venom) {mace}
rCold   . . .      Faith    .   K - +0 kite shield "Onaarisk" {rPois rF++ rCorr}
rNeg    . . .      Spirit   .   d - +1 ring mail {Will+}
rPois   +          Reflect  .   (helmet unavailable)
rElec   .          Harm     .   O - +0 cloak
rCorr   +          Rampage  +   j - +0 pair of gloves
Will    ++...                   T - +2 pair of boots {rampage}
Stlth   ++........              n - amulet of regeneration {@e2}
HPRegen 1.08/turn               k - +6 ring of strength
MPRegen 0.17/turn               z - +4 ring of protection

@: studying Dodging
A: permanent stasis, dig shafts and tunnels, antennae 3, four strong arms
a: Dig, Shaft Self, Renounce Religion, Draw Escape, Draw Destruction, Draw
Summoning, Triple Draw, Deal Four


You were on level 14 of the Dungeon.
You worshipped Nemelex Xobeh.
Nemelex Xobeh was greatly pleased with you.
You visited 4 branches of the dungeon, and saw 18 of its levels.
You also visited: Ossuary and Gauntlet.

You collected 1898 gold pieces.
You spent 931 gold pieces at shops.


Innate Abilities, Weirdness & Mutations

You cannot be hasted, slowed, berserked, paralysed or teleported.
You can dig through walls and to a lower floor.
You have a pair of large antennae on your head. (SInv)
Your four strong arms can wield two-handed weapons with a shield.


   Skills:
 + Level 10.3 Fighting
 + Level 13.2 Maces & Flails
 - Level 12.0 Armour
 - Level 10.0 Dodging
 - Level 5.0 Stealth
 - Level 10.0 Shields
 - Level 2.1 Spellcasting
 - Level 1.1 Transmutations
 - Level 10.0 Poison Magic
 + Level 10.3 Invocations


You had 12 spell levels left.
You knew the following spells:

 Your Spells              Type           Power      Damage    Failure   Level
a - Sting                 Tmut/Pois      76%        1d6       5%          1
b - Olgreb's Toxic Radia  Pois           33%        N/A       9%          4

Your spell library contained the following spells:

 Spells                   Type           Power      Damage    Failure   Level
 Poisonous Vapours        Pois/Air       34%        N/A       11%         2
 Mephitic Cloud           Conj/Pois/Air  12%        N/A       38%         3
 Gell's Gravitas          Tloc           1%         N/A       85%         3
 Lesser Beckoning         Tloc           1%         N/A       85%         3
 Teleport Other           Tloc           1%         N/A       85%         3
 Tukima's Dance           Hex            1%         N/A       85%         3
 Passage of Golubria      Tloc           1%         N/A       99%         4
 Iskenderun's Battlesphe  Conj           1%         2d6       100%        5
 Silence                  Hex/Air        0%         N/A       100%        5
 Yara's Violent Unravell  Hex/Tmut       1%         3d3       100%        5
 Iron Shot                Conj/Erth      0%         9d1       100%        6
 Malign Gateway           Summ/Tloc      0%         N/A       100%        7
 Spellforged Servitor     Conj/Summ      0%         N/A       100%        7
 Lehudib's Crystal Spear  Conj/Erth      0%         10d2      100%        8
 Summon Horrible Things   Summ           0%         N/A       100%        8

Inventory:

Hand Weapons
 p - a +3 mace of protection {mace}
   (You took it off an orc on level 6 of the Dungeon)
 t - a +2 dagger of speed {short}
   (You took it off a kobold demonologist on level 13 of the Dungeon)
 L - a +3 dire flail of venom (weapon) {mace}
   (You took it off a two-headed ogre on level 9 of the Dungeon)
 N - a +2 battleaxe {axe}
   (You took it off a tengu warrior on level 13 of the Dungeon)
 P - a +2 dire flail of holy wrath {mace}
   (You took it off an orc warrior on level 9 of the Dungeon)
Missiles
 v - 5 javelins (quivered) {throwing}
Armour
 d - a +1 ring mail of willpower (worn)
   (You found it on level 3 of the Dungeon)
 j - a +0 pair of gloves (worn)
   (You bought it in a shop on level 2 of the Orcish Mines)
 w - a +0 plate armour
   (You took it off an orc warrior on level 9 of the Dungeon)
 G - a +2 robe of positive energy
   (You took it off Pikel on level 7 of the Dungeon)
 K - the +0 kite shield "Onaarisk" (worn) {rPois rF++ rCorr}
   (You acquired it on level 11 of the Dungeon)

   rF:        It greatly protects you from fire.
   rPois:     It protects you from poison.
   rCorr:     It protects you from acid and corrosion.
 O - a +0 cloak (worn)
   (You found it on level 13 of the Dungeon)
 T - a +2 pair of boots of rampaging (worn)
   (You bought it in a shop on level 2 of the Orcish Mines)
Jewellery
 h - a ring of magical power
   (You found it on level 1 of the Dungeon)
 k - a +6 ring of strength (left hand)
   (You found it on level 11 of the Dungeon)
 n - an amulet of regeneration (around neck) {@e2}
   (You found it on level 2 of the Dungeon)
 x - a ring of flight
   (You bought it in a shop on level 3 of the Dungeon)
 y - a ring of ice
   (You found it on level 11 of the Dungeon)
 z - a +4 ring of protection (right hand)
   (You found it on level 4 of the Dungeon)
 U - a ring of ice
   (You took it off Fannar on level 1 of the Orcish Mines)
Wands
 A - a wand of iceblast (20)
   (You took it off Ijyb on level 4 of the Dungeon)
 C - a wand of polymorph (8)
   (You took it off a vampire on level 12 of the Dungeon)
 H - a wand of paralysis (18)
   (You took it off Pikel on level 7 of the Dungeon)
 Q - a wand of acid (12)
   (You found it on level 9 of the Dungeon)
 S - a wand of flame (11)
   (You found it on level 9 of the Dungeon)
Scrolls
 c - 4 scrolls of summoning
 g - 3 scrolls of fog
 l - 2 scrolls of enchant armour
 o - a scroll of amnesia
 q - 4 scrolls of immolation {!r!r}
 r - 6 scrolls of enchant weapon
 F - 3 scrolls of fear
 I - 2 scrolls of poison {!r}
 M - 2 scrolls of magic mapping {!r}
Potions
 a - 2 potions of resistance
 b - a potion of magic
 e - 4 potions of mutation {!q}
 f - 4 potions of brilliance
 i - 4 potions of might
 m - 5 potions of haste {@q3}
 s - 2 potions of invisibility
 u - 5 potions of attraction {unknown}
 B - a potion of cancellation {unknown}
 D - 2 potions of ambrosia {unknown}
 E - 5 potions of curing {unknown}
 J - 2 potions of flight {unknown}
 R - a potion of lignification {unknown}

Dungeon Overview and Level Annotations

Branches:
Dungeon (14/15) Zot: 26384  Temple (1/1) D:7 Zot: 5738    Lair (1/6) D:11 Zot: 5991
    Orc (2/2) D:11 Zot: 6969     Elf (0/3) Orc:2       Ossuary (visited)
Gauntlet (visited)
 Vaults: D:13-14

Altars:
Ashenzari
Cheibriados
Dithmenos
Elyvilon
Fedhas
Gozag
Hepliaklqana
Kikubaaqudgha
Makhleb
Nemelex Xobeh
Okawaru
Qazlal
Ru
Sif Muna
Trog
Uskayaw
Vehumet
Wu Jian
Xom
Yredelemnul
Zin
The Shining One
Beogh

Shops:
D:3 ***   D:9 *=   Orc:2 [*(:

Annotations:
D:4 2 transporters, riojii's ghost, amateur OpTm
D:6 exclusion: wyvern
D:14 1 runed translucent door, zhov's ghost, journeyman SpHu
Orc:1 4 transporters, 1 runed translucent door, lunkers's ghost, adept MeTm
Orc:2 2 transporters, gdog's ghost, journeyman GnDe

{#...#.......#...........
{#...'.......#...........
#...#.......##..........
#..##........#.########.
#..#.........#.# #.
..######..#.........'.# #. ##
.........##'####...#.# #.
#...###........JJ.#####.########.
......'........J@................
......#........JJ.......######.[.
.$....#..######'#.......# #...
......#..#......#.......# #...
.#....#..#......#.......# #...
.######..#......#....... #...
.........#......#....... #...
##.......'......#....... #...
#.......#......# #...


You could see 5 slime creatures.


Message History

HP[-1]
You take 1 damage, and now have 79/111 hp.
You impale the slime creature!!
The slime creature looks as sick as possible!
The slime creature closely misses you.
You block the large slime creature's attack.
The slime creature hits you.
You sock the slime creature!
You block the slime creature's attack. x2
The slime creature hits you but does no damage. x2
You thump the slime creature!
The large slime creature closely misses you.
The slime creature hits you. You block the slime creature's attack.
The slime creature hits you but does no damage.
You block the slime creature's attack.
HP[-5]
You take 5 damage, and now have 74/111 hp.
You barely miss the slime creature.
The slime creature hits you but does no damage.
The large slime creature completely misses you.
The slime creature hits you. x2
HP[-5]
You take 5 damage, and now have 69/111 hp.
You hit the slime creature but do no damage.
You block the slime creature's attack. x2; The slime creature hits you.
The large slime creature closely misses you.
HP[-2]
You take 2 damage, and now have 67/111 hp.
You puncture the slime creature!
You kill the slime creature!
The slime creature hits you. The slime creature misses you. x2
You block the slime creature's attack.
HP[-2]
You take 2 damage, and now have 65/111 hp.
You impale the slime creature!!
The large slime creature barely misses you.
The slime creature hits you.
The slime creature completely misses you.
HP[-4]
You take 4 damage, and now have 61/111 hp.
You thump the slime creature! You block the slime creature's attack.
The slime creature hits you!
* * * LOW HITPOINT WARNING * * *
A large slime creature splits.
The slime creature completely misses you.
HP[-6]
You take 6 damage, and now have 55/111 hp.
You hit the slime creature.
The slime creature looks as sick as possible!
The slime creature looks more healthy.
The slime creature hits you but does no damage.
You block the slime creature's attack. The slime creature hits you.
* * * LOW HITPOINT WARNING * * *
HP[-4]
You take 4 damage, and now have 51/111 hp.
You hit the slime creature. You block the slime creature's attack.
The slime creature closely misses you.
The slime creature hits you but does no damage.
The slime creature hits you.
* * * LOW HITPOINT WARNING * * *
The slime creature hits you but does no damage.
HP[-4]
You take 4 damage, and now have 47/111 hp.
You impale the slime creature!!
You kill the slime creature!
The slime creature hits you!
* * * LOW HITPOINT WARNING * * *
The slime creature misses you. You block the slime creature's attack.
HP[-9]
You take 9 damage, and now have 38/111 hp.
You hit the slime creature.
The slime creature hits you but does no damage.
You block the slime creature's attack. The slime creature barely misses you.
HP[+1]
You sock the slime creature! You block the slime creature's attack.
The slime creature hits you.
* * * LOW HITPOINT WARNING * * *
The slime creature hits you.
* * * LOW HITPOINT WARNING * * *
The slime creature hits you.
* * * LOW HITPOINT WARNING * * *
HP[-4]
You take 4 damage, and now have 35/111 hp.
You hit the slime creature.
The slime creature is poisoned.
The slime creature hits you!
* * * LOW HITPOINT WARNING * * *
The slime creature hits you but does no damage.
The slime creature completely misses you.
The slime creature hits you!
* * * LOW HITPOINT WARNING * * *
The slime creature closely misses you.
HP[-17]
You take 17 damage, and now have 18/111 hp.
Okay, then.
Are you sure you want to shaft yourself?
You block the slime creature's attack. The slime creature hits you!
* * * LOW HITPOINT WARNING * * *
The slime creature hits you but does no damage. x2
The slime creature hits you!
You die...
Your body glows slightly and disappears.

Skill      XL: |  1  2  3  4  5  6  7  8  9 10 11 12 13 14 |
---------------+-------------------------------------------+-----
Poison Magic   | 5 6 7 8 10 | 10.0
Stealth        | 3 5 |  5.0
Fighting       | 2 5 8 10 | 10.3
Armour         | 4 9 10 12 | 12.0
Maces & Flails | 5 7 9 11 13 | 13.2
Dodging        | 7 9 10 | 10.0
Invocations    | 5 8 10 | 10.3
Shields        | 2 9 10 | 10.0
Spellcasting   | |  2.1
Transmutations | |  1.1

Action                   |  1- 3 |  4- 6 |  7- 9 | 10-12 | 13-15 || total
-------------------------+-------+-------+-------+-------+-------++-------
Melee: Hand axe          |    39 |    64 |    80 |       |       ||   183
       Punch             |       |     1 |     7 |    11 |     3 ||    22
       Spear             |       |       |   114 |     9 |       ||   123
       Mace              |       |       |    70 |   557 |   288 ||   915
       Dire flail        |       |       |       |       |   283 ||   283
Throw: Javelin           |       |       |       |       |     1 ||     1
 Cast: Sting             |    67 |    57 |       |       |       ||   124
       Olgreb's Toxic Ra |       |    13 |    49 |   105 |   163 ||   330
Invok: Draw Destruction  |       |       |       |       |    12 ||    12
       Draw Escape       |       |       |       |       |     1 ||     1
 Abil: Dig               |       |       |       |     4 |       ||     4
       Shaft Self        |       |       |       |     1 |     2 ||     3
Evoke: Wand              |       |       |       |     6 |       ||     6
  Use: Scroll            |       |     8 |     3 |     4 |     9 ||    24
       Potion            |       |       |       |     5 |     2 ||     7
 Stab: Sleeping          |       |     5 |     4 |       |       ||     9
       Paralysed         |       |       |       |     2 |       ||     2
       Distracted        |       |       |       |     1 |     1 ||     2
Armor: Robe              |    16 |    16 |    79 |    81 |       ||   192
       Ring mail         |       |     4 |    42 |   305 |   141 ||   492
Dodge: Dodged            |    58 |    55 |   174 |   604 |   296 ||  1187
Block: Kite shield       |       |       |       |     4 |   142 ||   146

Levels and vault maps discovered:
D:1:      dpeg_arrival_tiny_a, layout_loops_cross,
          dreamdust_ecumenical_altar_grove, grunt_decor_resistance, st_stairs_7
D:2:      layout_basic, basic_altar, minmay_close_crescents
D:3:      layout_loops_corners, serial_shops, nicolae_shop_overgrown_old_shop,
          nicolae_shop_statue_plus, shop
D:4:      cheibrodos_fertilizer, layout_basic, gammafunk_ghost_mausoleum,
          uniq_ijyb
D:5:      layout_loops_ring, mainiacjoe_overflow_alcove_1, kennysheep_mini_moat
D:6:      minmay_bubble_buster, layout_loops_ring,
          mainiacjoe_overflow_cross_hatched, enter_ossuary_3,
          mumra_transporter_accident, minmay_manual_mandibuliform
D:7:      layout_loops_ring, nicolae_overflow_crystal_walls,
          minmay_temple_entry_waves, grunt_ministairs_14, uniq_prince_ribbit1,
          uniq_pikel
D:8:      layout_cave_pools, nicolae_figureground_pulse, uniq_grum
D:9:      hangedman_cross_cluster, layout_cave_pods, serial_shops,
          nicolae_shop_behind_doors, nicolae_shop_advertising_works
          [nicolae_subvault_shop_adworks], hangedman_decor_riveting, uniq_harold
D:10:     layout_basic
D:11:     layout_loops_ring, david_lair_generic, orc_0_dummy,
          gauntlet_entry_generic, uniq_josephine
D:12:     layout_rooms, serial_undead, serial_undead_c, serial_undead_b,
          serial_undead_a, serial_undead_a, serial_undead_b, serial_undead_a,
          serial_undead_b, serial_undead_f
D:13:     layout_roguey, serial_bayou, serial_bayou_pond_c,
          serial_bayou_shore_a, serial_bayou_lagoon_b, serial_bayou_crossing,
          eino_tiny_chamber
D:14:     layout_irregular_city, erik_vaults_1, ebering_ghost_funeral_grove
Temple:   eino_narrow_crystal_temple
Lair:1:   beast_lair_carwin_large_2, layout_small_grid, uniq_nergalle,
          uniq_erica, uniq_gastronok
Orc:1:    dreamdust_wu_jian_sword_trials, layout_caves, ebering_ghost_xom,
          uniq_fannar
Orc:2:    st_orc_congregation, layout_diamond_mine, gammafunk_ghost_stat_death,
          basic_altar, nicolae_orc_stony_grotto

Notes
Turn   | Place    | Note
-------+----------+-------------------------------------------
     0 | D:1      | zeratav the Formicid Venom Mage began the quest for the
                  | Orb.
     0 | D:1      | Reached XP level 1. HP: 13/13 MP: 3/3
     0 | D:1      | magus.rc [v1.9.6]
   154 | D:1      | Reached XP level 2. HP: 19/19 MP: 1/5
   452 | D:1      | Reached skill level 5 in Poison Magic
   760 | D:1      | Reached XP level 3. HP: 24/24 MP: 2/6
   785 | D:1      | HP: 6/24 [jackal (2)]
   789 | D:1      | HP: 1/24 [jackal (3)]
  1347 | D:1      | Found a faded altar of an unknown god.
  1613 | D:2      | Reached skill level 6 in Poison Magic
  1853 | D:2      | You pick up a book of the Moon and begin reading...
  1853 | D:2      | You add the spells Passage of Golubria, Silence and
                  | Lehudib's Crystal Spear to your library.
  1959 | D:2      | Reached XP level 4. HP: 30/30 MP: 7/7
  2162 | D:2      | Found a shadowy altar of Dithmenos.
  2300 | D:2      | HP: 7/30 [poisoned by an adder]
  3048 | D:3      | Found Oxzel's Assorted Antiques.
  3057 | D:3      | Upgraded the game from 0.29-a0-676-ga64570c9d2 to
                  | 0.29-a0-700-g2f1814c7b2
  3057 | D:3      | magus.rc [v1.9.6]
  3226 | D:3      | Found Aschugun's General Store.
  3365 | D:3      | Found Kowudgh's Assorted Antiques.
  3542 | D:3      | Reached skill level 7 in Poison Magic
  3561 | D:3      | Reached XP level 5. HP: 35/35 MP: 8/8
  3858 | D:3      | Bought an agate ring for 105 gold pieces
  4031 | D:4      | Noticed an ogre
  4162 | D:4      | Learned a level 4 spell: Olgreb's Toxic Radiance
  4452 | D:4      | Reached skill level 8 in Poison Magic
  4464 | D:4      | Reached skill level 3 in Stealth
  4464 | D:4      | Reached XP level 6. HP: 30/41 MP: 9/9
  4575 | D:4      | Noticed Ijyb
  4726 | D:4      | Killed Ijyb
  4727 | D:4      | Reached skill level 4 in Stealth
  4872 | D:4      | Killed an ogre
  4873 | D:4      | Reached skill level 5 in Stealth
  4873 | D:4      | Reached skill level 1 in Fighting
  5134 | D:4      | Found a transporter.
  5135 | D:4      | Noticed riojii's ghost (amateur OpTm)
  5137 | D:4      | Found a transporter.
  5635 | D:5      | Entered Level 5 of the Dungeon
  5698 | D:5      | Reached skill level 2 in Fighting
  5698 | D:5      | Reached XP level 7. HP: 50/50 MP: 10/10
  5744 | D:5      | Reached skill level 3 in Fighting
  6004 | D:5      | Found a burning altar of Makhleb.
  6059 | D:5      | Found a bloodstained altar of Trog.
  6733 | D:6      | Found a sand-covered staircase.
  6751 | D:6      | Reached skill level 4 in Fighting
  6787 | Ossuary  | Entered an ossuary
  7047 | Ossuary  | Reached skill level 5 in Fighting
  7160 | D:6      | Reached XP level 8. HP: 49/64 MP: 11/11
  7565 | D:6      | Found a snail-covered altar of Cheibriados.
  7598 | D:6      | Noticed a wyvern
  7611 | D:6      | Reached skill level 6 in Fighting
  7783 | D:6      | Reached skill level 7 in Fighting
  7880 | D:6      | Reached skill level 8 in Fighting
  7882 | D:6      | Reached skill level 1 in Armour
  7989 | D:6      | Reached skill level 2 in Armour
  8115 | D:6      | Reached skill level 3 in Armour
  8144 | D:6      | Reached skill level 4 in Armour
  8144 | D:6      | Reached XP level 9. HP: 65/74 MP: 12/12
  8282 | D:6      | Reached skill level 5 in Armour
  8526 | D:7      | Reached skill level 6 in Armour
  8758 | D:7      | Reached skill level 7 in Armour
  8848 | D:7      | Found a staircase to the Ecumenical Temple.
  8858 | Temple   | Entered the Ecumenical Temple
  9104 | Temple   | Became a worshipper of Nemelex Xobeh the Trickster
  9208 | D:7      | Noticed Pikel
  9222 | D:7      | Killed Pikel
  9223 | D:7      | Reached skill level 8 in Armour
  9387 | D:7      | Reached skill level 9 in Armour
  9511 | D:7      | Found a glowing silver altar of Zin.
  9761 | D:7      | Noticed Prince Ribbit
  9770 | D:7      | Killed Prince Ribbit
  9771 | D:7      | Reached XP level 10. HP: 60/80 MP: 10/13
  9953 | D:7      | Reached skill level 10 in Armour
  9953 | D:7      | Reached skill level 1 in Maces & Flails
  9953 | D:7      | Reached skill level 3 in Dodging
  9960 | D:7      | Reached skill level 2 in Maces & Flails
  9960 | D:7      | Reached skill level 1 in Invocations
 10451 | D:3      | Bought an ichor-stained mace for 168 gold pieces
 10451 | D:3      | Identified the +8 mace of Jiomid {vorpal, rC- rN+ Int+5}
                  | (You bought it in a shop on level 3 of the Dungeon)
 10585 | D:8      | Reached skill level 4 in Dodging
 10585 | D:8      | Reached skill level 2 in Invocations
 10722 | D:8      | Reached skill level 3 in Maces & Flails
 10801 | D:8      | Reached skill level 3 in Invocations
 10832 | D:8      | Noticed Grum
 10842 | D:8      | Reached skill level 5 in Dodging
 10845 | D:8      | Killed Grum
 11015 | D:8      | Reached skill level 4 in Invocations
 11544 | D:9      | Reached * piety under Nemelex Xobeh
 11554 | D:8      | Reached skill level 4 in Maces & Flails
 11659 | D:9      | Noticed a two-headed ogre
 11670 | D:9      | Reached skill level 6 in Dodging
 11685 | D:9      | Reached skill level 5 in Invocations
 11688 | D:9      | Killed a two-headed ogre
 11689 | D:9      | Reached skill level 5 in Maces & Flails
 11689 | D:9      | Reached skill level 7 in Dodging
 11689 | D:9      | Reached XP level 11. HP: 82/86 MP: 4/15
 11856 | D:9      | Reached skill level 6 in Invocations
 12105 | D:9      | Noticed a two-headed ogre
 12127 | D:9      | Reached skill level 8 in Dodging
 12133 | D:9      | HP: 15/86 [two-headed ogre/+0 giant club (15)]
 12137 | D:9      | Killed a two-headed ogre
 12138 | D:9      | Reached skill level 6 in Maces & Flails
 12249 | D:9      | Reached skill level 7 in Invocations
 12252 | D:9      | Noticed a purple ugly thing
 12279 | D:9      | HP: 19/80 [slime creature (3)]
 12280 | D:9      | HP: 4/80 [slime creature (13)]
 12284 | D:9      | Killed a purple ugly thing
 12291 | D:9      | HP: 21/84 [slime creature (6)]
 12417 | D:9      | Noticed a centaur warrior
 12420 | D:9      | You add the spells Malign Gateway and Summon Horrible
                  | Things to your library.
 12496 | D:9      | Found Keafaruj's Jewellery Shop.
 12503 | D:9      | Noticed Harold
 12512 | D:9      | You fall into a shaft and drop 3 floors!
 12760 | D:12     | Noticed a two-headed ogre
 12778 | D:12     | Killed a two-headed ogre
 12779 | D:12     | Reached skill level 9 in Dodging
 12981 | D:12     | Noticed a boulder beetle
 13138 | D:12     | HP: 18/86 [vampire/vampiric draining (14)]
 13147 | D:12     | Reached skill level 7 in Maces & Flails
 13147 | D:12     | Reached skill level 8 in Invocations
 13147 | D:12     | Reached XP level 12. HP: 42/92 MP: 18/18
 13374 | D:12     | Killed a boulder beetle
 13488 | D:12     | Reached skill level 10 in Dodging
 13500 | D:12     | Received a gift from Nemelex Xobeh
 13512 | D:12     | You fall into a shaft and drop 1 floor!
 13726 | D:13     | Noticed a centaur warrior
 13736 | D:13     | Killed a centaur warrior
 13737 | D:13     | Reached skill level 11 in Armour
 13737 | D:13     | Reached skill level 9 in Invocations
 13742 | D:13     | Reached skill level 8 in Maces & Flails
 14601 | D:12     | Reached skill level 10 in Invocations
 14974 | D:12     | You add the spells Tukima's Dance and Yara's Violent
                  | Unravelling to your library.
 15032 | D:11     | Identified a scroll of acquirement
 15033 | D:11     | Acquired the +0 kite shield "Onaarisk" {rPois rF++ rCorr}
 15160 | D:11     | Found a gate leading to a gauntlet.
 15161 | D:11     | Reached ** piety under Nemelex Xobeh
 15162 | D:11     | Noticed a two-headed ogre
 15190 | D:11     | Killed a two-headed ogre
 15191 | D:11     | Reached skill level 9 in Maces & Flails
 15191 | D:11     | Reached skill level 1 in Shields
 15245 | Gauntlet | Entered a Gauntlet
 15245 | Gauntlet | Found a transporter.
 15252 | Gauntlet | Found a transporter.
 15255 | Gauntlet | Found a transporter.
 15266 | Gauntlet | Found a transporter.
 15268 | Gauntlet | Found a transporter.
 15269 | Gauntlet | Noticed a large abomination
 15276 | Gauntlet | Found a transporter.
 15292 | Gauntlet | Found a transporter.
 15295 | Gauntlet | Noticed a reaper
 15302 | Gauntlet | Found a transporter.
 15308 | Gauntlet | Found a transporter.
 15308 | Gauntlet | Found a transporter.
 15336 | Gauntlet | Noticed an orb spider
 15349 | Gauntlet | Noticed a glowing orange brain
 15350 | Gauntlet | Noticed a glowing orange brain
 15351 | Gauntlet | Received a gift from Nemelex Xobeh
 15352 | Gauntlet | Found a transporter.
 15356 | Gauntlet | Found a transporter.
 15358 | Gauntlet | Found a transporter.
 15388 | Gauntlet | Found a transporter.
 15703 | D:11     | Noticed Josephine
 15720 | D:11     | Killed Josephine
 15721 | D:11     | Reached skill level 12 in Armour
 15721 | D:11     | Reached skill level 2 in Shields
 15721 | D:11     | Reached XP level 13. HP: 58/98 MP: 11/20
 15750 | D:11     | Reached skill level 3 in Shields
 15997 | D:11     | Reached skill level 4 in Shields
 16099 | D:11     | Found a staircase to the Lair.
 16208 | D:11     | Found a staircase to the Orcish Mines.
 16342 | D:10     | Entered Level 10 of the Dungeon
 16415 | D:10     | Reached skill level 5 in Shields
 16433 | D:10     | Reached skill level 10 in Maces & Flails
 17241 | D:10     | Reached skill level 6 in Shields
 17418 | D:9      | You fall into a shaft and drop 3 floors!
 17685 | D:9      | Killed a centaur warrior
 17748 | D:9      | Noticed a fire giant
 17749 | D:9      | Found a shimmering altar of Xom.
 17753 | D:9      | a fire giant changed into a death yak
 17754 | D:9      | Noticed a dire elephant
 17754 | D:9      | a death yak changed into a dire elephant
 18064 | D:9      | Noticed an eleionoma
 18065 | D:9      | Noticed a boulder beetle
 18082 | D:9      | Noticed a dire elephant
 18082 | D:9      | an eleionoma changed into a dire elephant
 18088 | D:9      | Noticed an eleionoma
 18100 | D:9      | Killed a boulder beetle
 18101 | D:9      | Reached skill level 9 in Poison Magic
 18113 | D:9      | Noticed a stone giant
 18113 | D:9      | an eleionoma changed into a stone giant
 18627 | D:10     | Killed Harold
 18628 | D:10     | Reached skill level 7 in Shields
 19021 | D:9      | Noticed a sphinx
 19401 | D:9      | You pick up a book of Displacement and begin reading...
 19401 | D:9      | You add the spells Lesser Beckoning, Gell's Gravitas and
                  | Teleport Other to your library.
 19771 | D:9      | Noticed a golden dragon
 19961 | D:9      | Found Tiatwuoh's General Store.
 19978 | D:9      | You pick up a book of Power and begin reading...
 19978 | D:9      | You add the spells Iskenderun's Battlesphere, Iron Shot and
                  | Spellforged Servitor to your library.
 20123 | D:9      | Noticed an eleionoma
 20192 | D:9      | Killed an eleionoma
 21018 | Lair:1   | Entered Level 1 of the Lair of Beasts
 21044 | Orc:1    | Entered Level 1 of the Orcish Mines
 21058 | Orc:1    | Reached skill level 8 in Shields
 21142 | Orc:1    | Reached *** piety under Nemelex Xobeh
 21310 | Orc:1    | Received a gift from Nemelex Xobeh
 21388 | Orc:1    | Found a transporter.
 21391 | Orc:1    | Found an ornate altar of the Wu Jian Council.
 21391 | Orc:1    | Noticed an orc warlord
 21408 | Orc:1    | Found a transporter.
 21415 | Orc:1    | Found a transporter.
 21419 | Orc:1    | Found an ornate altar of the Wu Jian Council.
 21442 | Orc:1    | Reached skill level 11 in Maces & Flails
 21569 | Orc:1    | Found a runed translucent door.
 21569 | Orc:1    | Noticed Fannar
 21581 | Orc:1    | Found a shimmering altar of Xom.
 21581 | Orc:1    | Noticed lunkers's ghost (adept MeTm)
 21599 | Orc:1    | Killed Fannar
 21600 | Orc:1    | Reached skill level 10 in Poison Magic
 21794 | Orc:1    | Found a transporter.
 22213 | Orc:2    | Entered Level 2 of the Orcish Mines
 22251 | Orc:2    | Found a transporter.
 22613 | Orc:2    | Reached skill level 9 in Shields
 22613 | Orc:2    | Reached XP level 14. HP: 48/105 MP: 21/21
 22687 | Orc:2    | Received a gift from Nemelex Xobeh
 22831 | Orc:2    | Noticed an orc warlord
 22833 | Orc:2    | Noticed a storm dragon
 22833 | Orc:2    | an orc warlord changed into a storm dragon
 22854 | Orc:2    | Killed a storm dragon
 23128 | Orc:2    | Reached skill level 10 in Shields
 23468 | Orc:2    | Reached skill level 12 in Maces & Flails
 24331 | Orc:2    | Reached skill level 9 in Fighting
 24456 | Orc:2    | Found a staircase to the Elven Halls.
 24880 | Orc:2    | Found Poril's General Store.
 24881 | Orc:2    | Found Muttur's Book Shop.
 24883 | Orc:2    | Found Lexzir's Antique Armour Boutique.
 24883 | Orc:2    | Found Diliukh's Antique Weapon Boutique.
 24902 | Orc:2    | Bought a wand of paralysis (6) for 112 gold pieces
 24910 | Orc:2    | Bought a pair of embroidered boots for 210 gold pieces
 24912 | Orc:2    | Bought a pair of runed boots for 210 gold pieces
 25208 | Orc:2    | Found a transporter.
 25855 | Orc:2    | Noticed gdog's ghost (journeyman GnDe)
 25942 | Orc:2    | Bought a pair of gloves for 126 gold pieces
 26158 | D:13     | Upgraded the game from 0.29-a0-700-g2f1814c7b2 to
                  | 0.29-a0-717-g6dac4ea423
 26158 | D:13     | magus.rc [v1.9.6]
 26254 | D:13     | Reached **** piety under Nemelex Xobeh
 26547 | D:13     | Received a gift from Nemelex Xobeh
 27034 | D:14     | Reached skill level 10 in Fighting
 27034 | D:14     | Reached skill level 13 in Maces & Flails
 27099 | D:14     | Received a gift from Nemelex Xobeh
 27340 | D:14     | Found a runed translucent door.
 27344 | D:14     | Identified the +3 spear of Famine {venom, rN+ Str-5 Dex+6}
 27348 | D:14     | Noticed zhov's ghost (journeyman SpHu)
 27456 | D:14     | HP: 27/111 [slime creature (9)]
 27457 | D:14     | HP: 10/111 [slime creature (9)]
 27457 | D:14     | Slain by a slime creature

Vanquished Creatures
  A storm dragon (Orc:2)
  An eleionoma (shapeshifter) (D:9)
  A fire dragon (D:14)
  Josephine (D:11)
  Fannar (Orc:1)
  Harold (D:10)
  3 boulder beetles
  A catoblepas (D:13)
  A hydra (D:14)
  3 centaur warriors
  9 two-headed ogres
  2 tengu warriors
  3 orc high priests (Orc:2)
  3 orc knights (Orc:2)
  Pikel (D:7)
  A deep elf pyromancer (D:12)
  5 orc sorcerers (Orc:2)
  4 ugly things
  3 manticores
  A cyclops (D:14)
  4 centaur zombies (D:12)
  2 gargoyles
  A komodo dragon (D:12)
  2 kobold demonologists
  An efreet (D:13)
  A tengu conjurer (D:13)
  4 trolls
  2 hornets
  Prince Ribbit (D:7)
  6 slime creatures
  2 vampires (D:12)
  6 shadows
  11 wraiths
  A centaur simulacrum (D:11)
  22 yaks
  A human (shapeshifter) (D:14)
  3 wyverns
  Grum (D:8)
  2 steam dragons
  A warg (Orc:2)
  A water moccasin (D:6)
  2 ice beasts
  3 sky beasts
  38 orc warriors
  2 black bears (D:11)
  5 ogres
  11 centaurs
  3 wolves (D:8)
  2 phantoms (D:6)
  A lemure (D:7)
  10 kobold brigands
  4 bullfrogs
  A water moccasin zombie (Ossuary)
  2 scorpions (D:6)
  9 wights
  14 killer bees
  8 howler monkeys
  An electric eel (D:13)
  14 orc priests
  4 hounds
  A gnoll shaman (D:6)
  3 jellies
  4 iguanas
  Ijyb (D:4)
  A boggart zombie (D:12)
  21 orc wizards
  2 mummies (Ossuary)
  9 adders
  2 shadow imps (D:6)
  3 white imps
  2 ufetubi
  3 adder zombies (Ossuary)
  7 dart slugs
  73 orcs
  14 endoplasms
  4 giant cockroaches
  6 goblins
  9 hobgoblins
  2 jackals (D:1)
  23 kobolds
  2 quokkas
  6 ball pythons
  3 bats (D:1)
  3 frilled lizards
  4 gnoll zombies (Ossuary)
  3 hobgoblin zombies (Ossuary)
  A jackal zombie (D:6)
  9 kobold zombies
  6 orc zombies (Ossuary)
  3 rats (D:1)
485 creatures vanquished.

Vanquished Creatures (collateral kills)
  2 centaur zombies (D:12)
2 creatures vanquished.

Vanquished Creatures (others)
  3 electric eels (D:13)
  An orc wizard (Orc:1)
  5 fungi
  63 plants
  6 toadstools (D:4)
  5 withered plants (D:12)
83 creatures vanquished.

Grand Total: 570 creatures vanquished

Table legend:
 A = Non-vault XP
 B = Vault XP
 C = Vault XP percentage of total XP
 D = Non-vault monster count
 E = Vault monster count
 F = Vault count percentage of total count
                 A         B        C        D         E       F
            +---------+---------+-------+---------+---------+-------
      Total |   34900 |   33530 |  49.0 |     283 |     205 |  42.0
            +---------+---------+-------+---------+---------+-------
        D:1 |      57 |       3 |   5.0 |      27 |       2 |   6.9
        D:2 |      31 |       8 |  20.5 |       9 |       5 |  35.7
        D:3 |      56 |       0 |   0.0 |      10 |       0 |   0.0
        D:4 |     237 |      96 |  28.8 |      18 |      14 |  43.8
        D:5 |     220 |       0 |   0.0 |       8 |       0 |   0.0
        D:6 |     231 |    1262 |  84.5 |       6 |      23 |  79.3
        D:7 |    1247 |    1278 |  50.6 |      18 |       4 |  18.2
        D:8 |    1422 |     538 |  27.4 |      30 |       4 |  11.8
        D:9 |    3262 |    7216 |  68.9 |      21 |      23 |  52.3
       D:10 |    2906 |    2510 |  46.3 |      17 |       3 |  15.0
       D:11 |    1791 |    2415 |  57.4 |       8 |       9 |  52.9
       D:12 |    4662 |    5630 |  54.7 |      11 |      20 |  64.5
       D:13 |    6360 |       0 |   0.0 |      20 |       0 |   0.0
       D:14 |    7290 |       0 |   0.0 |      14 |       0 |   0.0
      Orc:1 |    2170 |     876 |  28.8 |      46 |       1 |   2.1
      Orc:2 |    2958 |   11543 |  79.6 |      20 |      70 |  77.8
    Ossuary |       0 |     155 | 100.0 |       0 |      27 | 100.0
            +---------+---------+-------+---------+---------+-------

Illustrated notes

Table legend:
 A = Kills in this place as a percentage of kills in entire the game.
 B = Kills by you in this place as a percentage of kills by you in the entire game.
 C = Kills by friends in this place as a percentage of kills by friends in the entire game.
 D = Other kills in this place as a percentage of other kills in the entire game.
 E = Experience gained in this place as a percentage of experience gained in the entire game.
 F = Experience gained in this place divided by the number of levels of this place that you have seen.
                   A       B       C       D       E      F
               +-------+-------+-------+-------+-------+----------------------
         Total | 100.0 | 100.0 | 100.0 | 100.0 | 100.0 | 3421.5
       Dungeon |  66.4 |  66.5 | 100.0 |   0.0 |  74.1 | 3623.4
  Orcish Mines |  28.1 |  27.9 |   0.0 | 100.0 |  25.6 | 8773.5
       Ossuary |   5.5 |   5.6 |   0.0 |   0.0 |   0.2 | 155.0
               +-------+-------+-------+-------+-------+----------------------

Table legend: (Time is in decaauts)
 A = Elapsed time spent in this place.
 B = Non-inter-level travel time spent in this place.
 C = Inter-level travel time spent in this place.
 D = Time resting spent in this place.
 E = Time spent auto-exploring this place.
 F = Levels seen in this place.
 G = Mean time per level.
                   A        B        C        D        E       F      G
               +--------+--------+--------+--------+--------+-----+--------+
         Total |  27563 |  24770 |   2793 |   8125 |   7610 |  20 | 1378.2 |
       Dungeon |  21672 |  19307 |   2365 |   6046 |   6339 |  14 | 1548.0 |
        Temple |    261 |    226 |     35 |      0 |    215 |   1 |  261.0 |
          Lair |      8 |      8 |      0 |      0 |      0 |   1 |    8.0 |
  Orcish Mines |   5030 |   4639 |    391 |   1966 |    914 |   2 | 2515.0 |
       Ossuary |    341 |    341 |      0 |    113 |      0 |   1 |  341.0 |
      Gauntlet |    247 |    247 |      0 |      0 |    142 |   1 |  247.0 |
               +--------+--------+--------+--------+--------+-----+--------+

Top non-repeatable levels by time:
   Orc:2: 3806 daAuts
     D:9: 2802 daAuts
    D:10: 2235 daAuts
    D:12: 1988 daAuts
     D:7: 1763 daAuts
     D:4: 1745 daAuts
     D:1: 1587 daAuts
     D:6: 1532 daAuts
     D:2: 1354 daAuts
    D:13: 1329 daAuts
     D:5: 1250 daAuts
   Orc:1: 1224 daAuts
     D:3: 1181 daAuts
    D:11: 1145 daAuts
     D:8: 1141 daAuts
